Map: Akropolis LE

Players

aeox - Winner!

  • Race: Protoss Protoss
  • League: Gold
  • Spawn Location: 11:00

K.I.-1 (Schwer)

  • Race: Terran Terran
  • Spawn Location: 5:00

VOD

Have the link to the VOD?

Description

Time

  • Played on: Nov. 13, 2019, 5:25 p.m.
  • Length: 10:16
Show
View Real Time Build Order
Export as new Build Order

aeox Protoss - Winner!

Build Orders: 1 Gate Expand, Double Forge, Chargelot Immortal 

Get SALT Encoding   

  12  0:02  Probe  
  13  0:14  Probe  
  14  0:18  Pylon  
  14  0:26  Probe (Chrono Boost)  
  15  0:37  Probe (Chrono Boost)  
  15  0:40  Gateway  
  16  0:43  Probe  
  16  0:47  Assimilator  
  17  1:04  Probe  
  18  1:26  Nexus  
  18  1:32  Cybernetics Core  
  18  1:39  Pylon  
  18  1:45  Assimilator  
  18  1:51  Probe (Chrono Boost)  
  20  2:01  Probe (Chrono Boost)  
  20  2:06  Probe (Chrono Boost)  
  20  2:07  Stalker (Chrono Boost)  
  21  2:10  Warp Gate  
  23  2:19  Probe  
  24  2:31  Probe  
  24  2:32  Gateway  
  25  2:38  Adept  
  25  2:44  Probe (Chrono Boost)  
  29  2:48  Probe (Chrono Boost)  
  29  2:54  Probe (Chrono Boost)  
  29  2:57  Probe (Chrono Boost)  
  31  2:59  Probe (Chrono Boost)  
  31  3:02  Twilight Council  
  32  3:10  Probe (Chrono Boost)  
  32  3:11  Probe (Chrono Boost)  
  34  3:18  Stalker  
  38  3:20  Probe (Chrono Boost)  
  38  3:22  Probe (Chrono Boost)  
  38  3:23  Stalker  
  40  3:28  Pylon  
  40  3:30  Probe  
  40  3:33  Probe  
  42  3:34  Charge (Chrono Boost)  
  42  3:50  Forge  
  42  3:51  Forge  
  42  3:53  Probe  
  42  3:54  Probe  
  44  4:06  Probe x2  
  44  4:07  Pylon  
  46  4:17  Zealot x2  
  48  4:18  Probe x2  
  52  4:24  Protoss Ground Armor Level 1, Protoss Ground Weapons Level 1  
  52  4:30  Probe x2  
  54  4:33  Assimilator  
  54  4:35  Assimilator  
  54  4:42  Probe x2, Zealot  
  56  4:47  Zealot  
  54  5:01  Probe (Chrono Boost)  
  54  5:03  Nexus  
  54  5:05  Pylon  
  54  5:07  Probe (Chrono Boost)  
  56  5:11  Probe (Chrono Boost)  
  58  5:15  Probe (Chrono Boost)  
  58  5:19  Blink  
  58  5:27  Probe (Chrono Boost)  
  60  5:30  Robotics Facility  
  60  5:32  Pylon  
  60  5:33  Probe (Chrono Boost)  
  60  5:34  Pylon  
  60  5:36  Zealot x2  
  60  5:37  Probe (Chrono Boost)  
  60  5:41  Probe (Chrono Boost)  
  60  5:42  Probe (Chrono Boost)  
  67  5:51  Probe  
  68  5:57  Gateway  
  68  5:58  Gateway  
  68  6:02  Gateway  
  68  6:03  Gateway  
  68  6:06  Gateway  
  68  6:09  Gateway  
  68  6:10  Probe (Chrono Boost)  
  70  6:11  Gateway  
  70  6:15  Probe (Chrono Boost)  
  70  6:17  Observer  
  71  6:20  Zealot x2  
  71  6:21  Probe (Chrono Boost)  
  78  6:26  Probe (Chrono Boost)  
  78  6:27  Assimilator  
  78  6:29  Probe (Chrono Boost)  
  78  6:30  Probe (Chrono Boost), Assimilator  
  80  6:33  Protoss Ground Weapons Level 2 (Chrono Boost)  
  80  6:34  Probe (Chrono Boost)  
  82  6:41  Probe x3 (Chrono Boost)  
  82  6:43  Protoss Ground Armor Level 2 (Chrono Boost)  
  83  6:50  Pylon  
  83  6:51  Pylon  
  83  7:03  Zealot x5  
  83  7:04  Zealot x2  
  97  7:09  Immortal  
  97  7:13  Robotics Facility  
  101  7:19  Zealot x2  
  105  7:28  Zealot x2  
  109  7:34  Nexus  
  109  7:42  Zealot x2  
  109  7:43  Zealot x2  
  117  7:52  Pylon  
  117  7:53  Pylon  
  117  7:55  Pylon  
  117  8:07  Immortal (Chrono Boost)  
  117  8:12  Pylon  
  120  8:27  Zealot x4  
  120  8:28  Zealot x5  
  134  8:39  Immortal  
  130  8:49  Stalker  
  130  8:50  Stalker x4  
  130  8:51  Stalker x2  
  144  9:01  Immortal  
  148  9:19  Immortal  
Show
View Real Time Build Order
Export as new Build Order

K.I.-1 (Schwer) Terran 

Build Orders:  

Get SALT Encoding   

  12  0:00  SCV  
  13  0:13  SCV  
  14  0:17  Supply Depot  
  14  0:25  SCV  
  15  0:39  SCV  
  16  0:43  Barracks  
  16  0:49  Refinery  
  16  0:51  SCV  
  17  1:03  SCV  
  18  1:15  SCV  
  19  1:20  Supply Depot  
  19  1:30  Marine, SCV  
  21  1:47  Marine  
  21  1:53  Factory, Orbital Command  
  22  1:56  Supply Depot  
  22  2:05  Marine  
  23  2:19  SCV  
  24  2:23  Marine  
  24  2:29  Refinery  
  25  2:31  SCV  
  26  2:38  Supply Depot  
  26  2:39  Hellion  
  26  2:42  Barracks Tech Lab  
  26  2:43  SCV  
  29  2:49  Engineering Bay  
  29  2:55  SCV  
  30  3:00  Marine  
  30  3:01  Hellion  
  33  3:07  SCV  
  34  3:18  Marine  
  34  3:19  SCV  
  36  3:36  Marine  
  37  3:59  Marauder, Stimpack  
  37  4:00  Barracks  
  39  4:03  Factory, Factory Tech Lab  
  39  4:05  Supply Depot  
  39  4:21  Widow Mine  
  41  4:29  Terran Infantry Weapons Level 1  
  41  4:32  Missile Turret  
  41  4:38  Missile Turret  
  41  4:43  Siege Tank  
  39  4:46  Marine  
  39  4:47  Barracks Tech Lab  
  39  4:48  Factory Tech Lab  
  34  5:00  Bunker  
  34  5:04  Marine  
  34  5:05  Combat Shield  
  35  5:08  Marine  
  36  5:17  Siege Tank  
  39  5:27  Widow Mine  
  41  5:33  Barracks, Command Center  
  41  5:36  Marauder  
  43  5:45  Marine  
  44  5:57  Marine  
  44  6:01  Starport  
  44  6:04  Marine  
  46  6:23  Terran Infantry Armor Level 1  
  45  6:40  Starport Tech Lab  
  45  6:46  SCV  
  46  6:47  SCV  
  47  6:57  Refinery  
  47  6:58  SCV  
  47  6:59  Missile Turret  
  47  7:00  Raven, SCV  
  51  7:06  Missile Turret  
  51  7:08  Refinery  
  51  7:10  SCV  
  51  7:12  SCV  
  53  7:19  Sensor Tower  
  53  7:22  SCV  
  54  7:24  SCV  
  54  7:25  Bunker  
  55  7:33  Armory  
  55  7:34  SCV  
  55  7:36  SCV  
  57  7:37  Barracks Reactor  
  57  7:43  Raven  
  59  7:46  SCV  
  59  7:48  SCV  
  61  7:54  Hellion  
  61  7:57  Starport  
  63  7:59  SCV  
  63  8:00  Supply Depot, Siege Tank  
  67  8:15  Siege Tank  
  70  8:21  Marine  
  70  8:24  Supply Depot  
  70  8:26  Medivac  
  73  8:27  Marine  
  73  8:34  Medivac  
  76  8:38  Hellion  
  61  8:43  Marine  
  59  8:49  Marine  
  59  8:54  Marine  
  61  9:00  Marine  
  62  9:04  Starport Tech Lab, Medivac  
  62  9:06  Marine  
  65  9:12  Siege Tank  
  68  9:17  Marine  
  59  9:27  Hellion  
  59  9:30  Marine  
  52  9:33  Marine  
  52  9:34  Command Center  
  52  9:37  Marine  
  41  9:40  Viking  
  37  9:48  Marauder  
  16  10:02  SCV  
Tags
 
Add a new tag
Caveats
  • Supply blocks, unpowered buildings, or Contaminate may cause inaccurate times.
  • Supply counts are checked every 10 seconds.